 Dungeon Crawl Stone Soup version 0.30.0-29-ga12c61a403 (webtiles) character file.

Game seed: 13105826347598114549

121 Graphine the Trooper (level 5, -8/47 HPs)
             Began as a Hill Orc Fighter on June 20, 2023.
             Mangled by a gnoll
             ... wielding a +2 heavy spear
              (9 damage)
             ... on level 2 of the Dungeon.
             The game lasted 00:01:58 (1187 turns).

Graphine the Trooper (Hill Orc Fighter)             Turns: 1187, Time: 00:01:59

Health: -8/47      AC: 10    Str: 21    XL:     5   Next: 5%
Magic:  5/5        EV:  8    Int:  8    God:
Gold:   120        SH:  4    Dex: 10    Spells: 4/4 levels left

rFire   . . .        a - +0 war axe
rCold   . . .        c - +0 buckler
rNeg    . . .        f - +0 chain mail
rPois   .            k - +0 helmet
rElec   .            (no cloak)
rCorr   +            (no gloves)
SInv    .            (no boots)
Will    .....        (no amulet) Stlth
                     l - ring of resist corrosion
HPRegen 0.27/turn    (no ring)
MPRegen 0.09/turn

%: no passive effects
@: mighty
A: no striking features
a: no special abilities


You were on level 2 of the Dungeon.
You visited 1 branch of the dungeon, and saw 2 of its levels.

You collected 120 gold pieces.

Inventory:

Hand Weapons
 a - a +0 war axe (weapon)
Armour
 c - a +0 buckler (worn)
 f - a +0 chain mail (worn)
 k - a +0 helmet (worn)
Jewellery
 l - a ring of resist corrosion (left hand)
Scrolls
 e - a scroll of identify {unknown}
 i - 3 scrolls of magic mapping
Potions
 b - a potion of haste {unknown}
 g - a potion of brilliance {unknown}
 h - a potion of heal wounds {unknown}
 j - a potion of mutation {unknown}


   Skills:
 + Level 4.6 Fighting
 + Level 4.0 Axes
 + Level 4.1 Armour
 + Level 4.2 Shields


You had 4 spell levels left.
You didn't know any spells.
Your spell library was empty.

Dungeon Overview and Level Annotations

Branches:
Dungeon (2/15)

Altars:


Message History

Press: ? - help, Dir - move target, f/p - gnoll
Aim: a gnoll, wielding a +0 whip (lightly wounded, about 39% to evade your +0 war axe)
You closely miss the gnoll.
The gnoll is lightly wounded.
The gnoll closely misses you.
The gnoll hits you from afar with a +2 heavy spear.
The gnoll hits you with a +0 whip.
* * * LOW HITPOINT WARNING * * *
You feel very mighty all of a sudden. The gnoll hits you but does no damage.
The gnoll hits you with a +0 whip.
* * * LOW HITPOINT WARNING * * *
Cleave: a) +0 war axe
Press: ? - help, Dir - move target, f/p - gnoll
Aim: a gnoll, wielding a +0 whip (lightly wounded, about 39% to evade your +0 war axe)
You closely miss the gnoll.
The gnoll is lightly wounded.
The gnoll barely misses you.
Cleave: a) +0 war axe
Press: ? - help, Dir - move target, f/p - gnoll
Aim: a gnoll, wielding a +0 whip (lightly wounded, about 39% to evade your +0 war axe)
You closely miss the gnoll.
The gnoll is lightly wounded.
The gnoll hits you but does no damage. You block the gnoll's attack.
Cleave: a) +0 war axe
Press: ? - help, Dir - move target, f/p - gnoll
Aim: a gnoll, wielding a +0 whip (lightly wounded, about 39% to evade your +0 war axe)
You barely miss the gnoll.
The gnoll is lightly wounded.
The gnoll hits you from afar with a +2 heavy spear!
* * * LOW HITPOINT WARNING * * *
The gnoll hits you with a +0 whip.
* * * LOW HITPOINT WARNING * * *
Cleave: a) +0 war axe
Press: ? - help, Dir - move target, f/p - gnoll
Aim: a gnoll, wielding a +0 whip (lightly wounded, about 39% to evade your +0 war axe)
You hit the gnoll.
The gnoll is heavily wounded.
You block the gnoll's attack.
The gnoll hits you from afar with a +2 heavy spear!
You die...

..)....................>.........
#.###########....##.###..........
#+# #....# #..........
#....##+###..........
#........##..........
#........##..........
#.....$..............
..######.....########'##
....ggg@.....##.# #.#
########.#...###.# #.#
#.###.#..#)###.# ... <##.##.##.#
#.## ##...#†#.# #.# #. #..##.##
#.# #. ##....#.# .# #.##..#..###
##### .# ###.#...#...#


You could see 3 gnolls.

Vanquished Creatures
  Natasha (D:2)
  2 gnolls
  2 adders (D:2)
  3 worms (D:2)
  2 dart slugs (D:2)
  4 ball pythons
  3 bats
  6 endoplasms
  8 goblins
  4 hobgoblins (D:1)
  3 kobolds
  4 quokkas
  A frilled lizard (D:1)
  2 rats
45 creatures vanquished.

Notes
Turn   | Place    | Note
-------+----------+-------------------------------------------
     0 | D:1      | Graphine the Hill Orc Fighter began the quest for the Orb.
     0 | D:1      | Reached XP level 1. HP: 19/19 MP: 1/1
   111 | D:1      | Reached XP level 2. HP: 24/27 MP: 2/2
   395 | D:1      | Reached XP level 3. HP: 33/33 MP: 3/3
   783 | D:2      | Reached XP level 4. HP: 41/41 MP: 4/4
   894 | D:2      | Noticed Natasha
   900 | D:2      | Killed Natasha
  1181 | D:2      | Reached XP level 5. HP: 26/47 MP: 5/5
  1186 | D:2      | HP: 1/47 [gnoll/+0 whip (4)]
  1187 | D:2      | Mangled by a gnoll

Illustrated notes

Levels and vault maps discovered:
D:1:      wheals_arrival_shading, layout_basic
D:2:      wad_crossroads, layout_basic, uniq_natasha

Skill      XL: |  1  2  3  4 |
---------------+-------------+-----
Axes           | 3 4 |  4.0
Fighting       | 4 |  4.6
Shields        | 4 |  4.2
Armour         | 4 |  4.1

Action                     |  1- 3 |  4- 6 || total
---------------------------+-------+-------++-------
  Melee: War axe           |    65 |    43 ||   108
    Use: Scroll            |     4 |       ||     4
         Potion            |       |     1 ||     1
 Armour: Chain mail        |    33 |    15 ||    48
         Scale mail        |     1 |       ||     1
  Dodge: Dodged            |    18 |    12 ||    30
  Block: Buckler           |     9 |    12 ||    21
